 Dungeon Crawl Stone Soup version 0.30.1-11-g7821555f0a (webtiles) character file.

Game seed: 1306095480810184183

105 VictoriousLee the Ruffian (level 4, -5/37 HPs)
             Began as a Draconian Transmuter on Dec 7, 2023.
             Succumbed to an orc wizard's poison
             ... on level 3 of the Dungeon.
             The game lasted 00:10:19 (1815 turns).

VictoriousLee the Ruffian (Draconian Transmuter)    Turns: 1815, Time: 00:10:20

Health: -5/37      AC:  5    Str: 14    XL:     4   Next: 53%
Magic:  7/7        EV: 12    Int: 14    God:
Gold:   122        SH:  0    Dex: 15    Spells: 4/7 levels left

rFire   . . .        l - +1 long sword "Demonslayer" {heavy, *Noise rCorr Dex+4}
rCold   . . .        (no shield)
rNeg    + . .        (body armour unavailable)
rPois   .            (helmet restricted)
rElec   .            (no cloak)
rCorr   +            (no gloves)
SInv    .            (no boots)
Will    .....        (no amulet)
Stlth   +            d - ring of positive energy
HPRegen 0.26/turn    (no ring)
MPRegen 0.10/turn

%: no passive effects
@: confused, lethally poisoned (-5 -> -43), ambrosia-drunk, hasted, very quick
A: AC +5, unfitting armour, cold-blooded
a: no special abilities


You were on level 3 of the Dungeon.
You visited 1 branch of the dungeon, and saw 3 of its levels.

You collected 122 gold pieces.

Inventory:

Hand Weapons
 b - a +0 hand axe
 j - a +0 dagger
 l - the +1 long sword "Demonslayer" (weapon) {heavy, *Noise rCorr Dex+4}
   (You found it on level 2 of the Dungeon)

   Dex:       It affects your dexterity (+4).
   *Noise:    It may make noises in combat.
   rCorr:     It protects you from acid and corrosion.
 m - a +0 hand axe of freezing
 p - a +1 whip of freezing
Jewellery
 d - a ring of positive energy (left hand)
 g - an amulet of the acrobat
Scrolls
 h - a scroll of vulnerability {unknown}
 k - a scroll of silence {unknown}
 n - a scroll of poison {unknown}
 o - 2 scrolls of identify {unknown}
 q - a scroll of amnesia {unknown}
Potions
 a - 2 potions of lignification
 c - a potion of ambrosia
 e - a potion of curing {unknown}
 f - a potion of resistance {unknown}
 i - a potion of mutation {unknown}
 r - a potion of invisibility {unknown}
 s - a potion of magic {unknown}
 t - a potion of haste


   Skills:
 - Level 2.4 Fighting
 * Level 2.8 Long Blades
 - Level 1.7 Dodging
 - Level 3.0 Unarmed Combat
 - Level 2.0 Spellcasting
 + Level 3.0 Transmutations


You had 4 spell levels left.
You knew the following spells:

 Your Spells              Type           Power      Damage    Failure   Level
a - Beastly Appendage     Tmut           20%        N/A       7%          1
w - Wereblood             Tmut           10%        N/A       11%         2

Your spell library contained the following spells:

 Spells                   Type           Power      Damage    Failure   Level
 Spider Form              Tmut/Pois      5%         N/A       36%         3
 Ice Form                 Ice/Tmut       5%         N/A       77%         4


Dungeon Overview and Level Annotations

Branches:
Dungeon (3/15)

Altars:


Innate Abilities, Weirdness & Mutations

Your plain brown scales are hard. (AC +5)
You cannot fit into any form of body armour.
You are cold-blooded and may be slowed by cold attacks.


Message History

The orc wizard gestures at you while chanting.
The magic dart hits you.
You barely miss the orc wizard.
The orc wizard hits you but does no damage.
You are poisoned.
The orc wizard gestures at you while chanting.
You resist with some effort.
You barely miss the orc wizard.
Your tail-slap misses the orc wizard.
You feel very sick. The orc wizard casts a spell at you.
The magic dart hits you.
The orc wizard hits you but does no damage.
You are more poisoned.
You hit the orc wizard.
The orc wizard is lightly wounded.
You feel extremely sick.
The orc wizard hits you with a +0 dagger of venom.
You barely miss the orc wizard.
The orc wizard is lightly wounded.
You feel very sick.
The orc wizard hits you but does no damage.
You are lethally poisoned!
The orc wizard barely misses you.
You closely miss the orc wizard.
* * * LOW HITPOINT WARNING * * *
You feel extremely sick.
The orc wizard hits you with a +0 dagger of venom.
* * * LOW HITPOINT WARNING * * *
You are more poisoned.
The orc wizard hits you but does no damage.
You are more poisoned.
It was a potion of ambrosia.
You are confused.
You feel invigorated.
* * * LOW HITPOINT WARNING * * *
You feel extremely sick.
The orc wizard hits you but does no damage.
You are more poisoned.
It was a potion of haste.
You feel yourself speed up.
You die...

######### #.......##
#..(.....###
##..#.#.#...# #####
#...#.#...#.###...##
#.###.###...##.....###..
#.#.....#.#.##..........
##.#######.#o##.....#
#..≈≈≈≈≈≈~)@#.##...#.....
#..#######.###o##.## ####
#..#.....#.# ##)..##.##
#..###.###.###.###.......
#....#.#....#......#.##..
#....#.#.###.<.....# #
###.....†# ##..#.....#
#.#....# #......###
#.##.#.# #........


You could see an orc wizard.

Vanquished Creatures
  An orc priest (D:3)
  4 adders
  A dart slug (D:2)
  An orc (D:3)
  6 endoplasms
  A giant cockroach (D:2)
  A hobgoblin (D:2)
  4 jackals (D:2)
  4 ball pythons
  2 bats
  3 frilled lizards
  4 goblins
  3 kobolds
  6 rats
41 creatures vanquished.

Notes
Turn   | Place    | Note
-------+----------+-------------------------------------------
     0 | D:1      | VictoriousLee the Draconian Transmuter began the quest for
                  | the Orb.
     0 | D:1      | Reached XP level 1. HP: 16/16 MP: 3/3
   222 | D:1      | Reached XP level 2. HP: 22/25 MP: 5/5
   582 | D:2      | Identified the +1 long sword "Demonslayer" {heavy, *Noise
                  | rCorr Dex+4}
   706 | D:2      | Reached skill level 1 in Long Blades
   706 | D:2      | Reached XP level 3. HP: 24/30 MP: 6/6
   833 | D:2      | Found a faded altar of an unknown god.
  1640 | D:2      | Learned a level 2 spell: Wereblood
  1720 | D:3      | Reached XP level 4. HP: 33/37 MP: 7/7
  1814 | D:3      | HP: 1/37 [poisoned by an orc wizard]
  1815 | D:3      | Succumbed to an orc wizard's poison

Illustrated notes

Levels and vault maps discovered:
D:1:      dpeg_arrival_stonehenge_8_columns, layout_loops_ring,
          hangedman_abyss_or_decor_stabs
D:2:      layout_basic, basic_ecumenical_altar
D:3:      layout_loops_cross, amcnicky_altar_gilded, minivault_4,
          chequers_serial_rivers_micro_a, nrook_loot_triangle, grunt_decor_cap,
          minmay_misc_feat_tower

Skill      XL: |  1  2  3  4 |
---------------+-------------+-----
Fighting       | 2 |  2.4
Long Blades    | 1 2 |  2.8
Transmutations | 3 |  3.0
Dodging        | |  1.7
Unarmed Combat | |  3.0
Spellcasting   | |  2.0

Action                     |  1- 3 |  4- 6 || total
---------------------------+-------+-------++-------
  Melee: Hand axe          |    31 |       ||    31
         Tailslap          |     7 |     1 ||     8
         Long sword        |    56 |    10 ||    66
         Punch             |       |     1 ||     1
    Use: Potion            |       |     2 ||     2
   Stab: Sleeping          |     4 |       ||     4
 Armour: Skin              |    31 |     5 ||    36
  Dodge: Dodged            |    74 |     5 ||    79
